 Dungeon Crawl Stone Soup version 0.31-a0-408-gb642c7f9a3 (webtiles) character file.

Game seed: 9794696564963169982

60 gelatine the Chopper (level 3, -1/27 HPs)
             Began as a Demonspawn Gladiator on July 29, 2023.
             Shot with a sling bullet by a hobgoblin (4 damage)
             ... on level 2 of the Dungeon.
             The game lasted 00:05:08 (1445 turns).

gelatine the Chopper (Demonspawn Gladiator)         Turns: 1445, Time: 00:05:08

Health: -1/27      AC:  5    Str: 16    XL:     3   Next: 80%
Magic:  3/3        EV: 12    Int: 15    God:
Gold:   48         SH:  0    Dex: 14    Spells: 2/2 levels left

rFire   . . .        a - +0 war axe
rCold   + . .        (no shield)
rNeg    . . .        b - +0 leather armour
rPois   .            (helmet restricted)
rElec   .            (no cloak)
rCorr   .            (no gloves)
SInv    .            (no boots)
Will    .....        (no amulet)
Stlth   +            h - +6 ring of intelligence
HPRegen 0.24/turn    e - ring of protection from cold
MPRegen 0.08/turn

%: no passive effects
@: no status effects
A: antennae 1, icy blue scales 1
a: no special abilities


You were on level 2 of the Dungeon.
You visited 1 branch of the dungeon, and saw 3 of its levels.

You collected 48 gold pieces.

Inventory:

Hand Weapons
 a - a +0 war axe (weapon)
Missiles
 d - 3 throwing nets
 n - 7 javelins
Armour
 b - a +0 leather armour (worn)
Jewellery
 e - a ring of protection from cold (right hand)
 h - a +6 ring of intelligence (left hand)
 l - a ring of protection from cold
Scrolls
 c - a scroll of poison {unknown}
 f - a scroll of revelation {unknown}
 i - a scroll of immolation {unknown}
 j - 3 scrolls of identify {unknown}
 m - a scroll of enchant armour {unknown}
Potions
 g - a potion of cancellation {unknown}
 k - a potion of lignification {unknown}


   Skills:
 + Level 2.1 Fighting
 * Level 3.7 Axes
 + Level 1.8 Throwing
 * Level 0.9 Armour
 + Level 3.1 Dodging
 + Level 0.2 Stealth


You had 2 spell levels left.
You didn't know any spells.
Your spell library contained the following spells:

 Spells                   Type           Power      Damage    Failure   Level
 Apportation              Tloc           0%         N/A       32%         1
 Necrotise                Necr           0%         1d4       32%         1
 Summon Small Mammal      Summ           0%         N/A       32%         1


Dungeon Overview and Level Annotations

Branches:
Dungeon (3/15)

Altars:

Shops:
D:1 (*:!

Annotations:
D:2 Terence


Innate Abilities, Weirdness & Mutations

You have a pair of small antennae on your head.
You are partially covered in icy blue scales. (AC +2)


Message History

Found 5 stones.
There is a stone staircase leading up here.
You climb upwards.
Level annotation: Terence
There is a stone staircase leading down here.
You see here a +0 helmet.
A hobgoblin comes into view. It is wielding a +0 quarterstaff.
The hobgoblin moves out of view.
Nothing quivered!
A goblin comes into view. It is wielding a +0 club.
You barely miss the hobgoblin.
The hobgoblin shouts!
The goblin shouts!
A ball python comes into view.
The hobgoblin hits you with a +0 quarterstaff!
You barely miss the hobgoblin.
The ball python hisses angrily.
The hobgoblin barely misses you.
You barely miss the hobgoblin.
The hobgoblin hits you with a +0 quarterstaff!
You hit the hobgoblin but do no damage. The hobgoblin closely misses you. x2
You hit the hobgoblin.
The hobgoblin is severely wounded.
The hobgoblin hits you with a +0 quarterstaff!
* * * LOW HITPOINT WARNING * * *
The hobgoblin attacks as you move away!
The hobgoblin hits you with a +0 quarterstaff.
* * * LOW HITPOINT WARNING * * *
The hobgoblin unwields a +0 quarterstaff.
The hobgoblin wields a +0 sling.
The hobgoblin shoots a sling bullet.
The sling bullet barely misses you.
You hit the goblin.
You kill the goblin!
The ball python closely misses you. x2
You barely miss the ball python.
The ball python bites you but does no damage.
The ball python completely misses you.
You slash the ball python!
You kill the ball python!
The hobgoblin shoots a sling bullet.
The sling bullet hits you.
You die...

#.#####.###.####.# ....
#.#.......#.# #.# ....
#.......#.#.# #.# .....
#.......#.#.# #.# .....
#.......)...# #.#
......#.......#.### #.#
......#.......#.######.#
......g.).###.#........###
......#.#@# #..........[..
#....Sg#.# ############.#
####...#.. #>. #+#.####
### ..# ..# ...# ...# ##
..... #.


You could see a hobgoblin.

Vanquished Creatures
  An adder (D:2)
  4 bats
  2 endoplasms
  3 giant cockroaches (D:1)
  8 goblins
  7 hobgoblins
  8 jackals (D:1)
  4 ball pythons
  A frilled lizard (D:1)
  A kobold (D:2)
  7 rats
46 creatures vanquished.

Notes
Turn   | Place    | Note
-------+----------+-------------------------------------------
     0 | D:1      | gelatine the Demonspawn Gladiator began the quest for the
                  | Orb.
     0 | D:1      | Reached XP level 1. HP: 16/16 MP: 1/1
   203 | D:1      | Found Hutoeb's Weapon Shop.
   221 | D:1      | Gained mutation: You have a pair of small antennae on your
                  | head. [demonic ancestry]
   221 | D:1      | Reached XP level 2. HP: 12/22 MP: 2/2
   296 | D:1      | Found Tyxa's Book Emporium.
   313 | D:1      | Found Kuhamiptyw's General Store.
   455 | D:1      | Found Fejank's Distillery.
   698 | D:1      | Gained mutation: You are partially covered in icy blue
                  | scales. (AC +2) [demonic ancestry]
   698 | D:1      | Reached XP level 3. HP: 27/27 MP: 3/3
  1407 | D:2      | Noticed Terence
  1407 | D:2      | You fall into a shaft and drop 1 floor!
  1440 | D:2      | HP: 1/27 [hobgoblin/+0 quarterstaff (1)]
  1445 | D:2      | Shot with a sling bullet by a hobgoblin

Illustrated notes

Levels and vault maps discovered:
D:1:      minmay_arrival_widening_spiral_wide, layout_loops_corners,
          serial_shops, nicolae_square_shop, nicolae_shop_crystal, shop,
          nicolae_shop_industrial_runoff, chequers_serial_rivers_marsh
D:2:      layout_basic, minmay_randomly_rotated_circles, uniq_terence
D:3:      layout_loops_ring, grunt_temple_overflow_diamond,
          kiku_gazebo_pond_becter, minmay_fractal_squares_gapless_5

Skill      XL: |  1  2  3 |
---------------+----------+-----
Axes           | 3 |  3.7
Dodging        | 3 |  3.1
Fighting       | |  2.1
Throwing       | |  1.8
Armour         | |  0.9
Stealth        | |  0.2

Action                     || total
---------------------------++-------
  Melee: War axe           ||   122
         Punch             ||     2
  Throw: Javelin           ||     1
   Stab: Sleeping          ||     1
 Armour: Leather armour    ||    65
  Dodge: Dodged            ||   101

Table legend: (Time is in decaauts)
 A = Elapsed time spent in this place.
 B = Non-inter-level travel time spent in this place.
 C = Inter-level travel time spent in this place.
 D = Time resting spent in this place.
 E = Time spent auto-exploring this place.
 F = Levels seen in this place.
 G = Mean time per level.
                   A        B        C        D        E       F      G
               +--------+--------+--------+--------+--------+-----+--------+
         Total |   1487 |   1487 |      0 |      0 |   1109 |   3 |  495.7 |
       Dungeon |   1487 |   1487 |      0 |      0 |   1109 |   3 |  495.7 |
               +--------+--------+--------+--------+--------+-----+--------+

Top non-repeatable levels by time:
     D:1: 1082 daAuts
     D:2: 396 daAuts
     D:3: 7 daAuts
